Map: [ESL] Hardwire

Players

Dark - Winner!

  • Race: Zerg Zerg

SpeCial

  • Race: Terran Terran

Event: IEM Katowice 2022

VOD

Have the link to the VOD?

Description

Time

  • Played on: Feb. 24, 2022, 1:02 p.m.
  • Length: 21:25

All games in this series

Show
View Real Time Build Order
Export as new Build Order

Dark Zerg - Winner!

Build Orders: Hatch First, Swarm Host 

Get SALT Encoding   

  12  0:00  Drone  
  13  0:13  Overlord  
  13  0:17  Drone  
  14  0:31  Drone x2  
  16  0:47  Hatchery  
  15  0:52  Drone  
  15  0:54  Drone  
  17  0:58  Drone  
  17  1:02  Extractor  
  17  1:14  Spawning Pool  
  17  1:17  Drone  
  17  1:22  Drone  
  18  1:30  Drone  
  19  1:41  Drone  
  20  1:54  Drone  
  21  2:02  Queen x2  
  21  2:04  Metabolic Boost  
  21  2:05  Zergling x2  
  26  2:08  Zergling x2  
  26  2:14  Zergling x2  
  28  2:16  Overlord  
  28  2:34  Hatchery  
  28  2:36  Drone x2  
  29  2:40  Drone x2  
  30  2:52  Drone x2  
  30  2:55  Queen  
  34  3:00  Overlord  
  34  3:05  Drone  
  35  3:06  Overlord  
  35  3:18  Drone  
  35  3:19  Drone x2  
  38  3:25  Drone  
  38  3:26  Drone  
  38  3:27  Drone x2  
  42  3:28  Drone  
  43  3:36  Queen  
  45  3:42  Lair  
  45  3:44  Zergling x2  
  45  3:45  Drone  
  45  3:47  Queen  
  49  3:48  Extractor  
  49  3:50  Zergling x4  
  49  3:51  Drone  
  51  3:58  Drone, Zergling x4  
  51  3:59  Drone  
  51  4:02  Drone  
  56  4:07  Drone x2  
  56  4:08  Overlord  
  58  4:18  Overlord  
  58  4:19  Overlord  
  58  4:22  Overlord  
  58  4:25  Queen, Overlord  
  58  4:27  Drone  
  58  4:30  Queen  
  63  4:33  Drone  
  63  4:34  Drone  
  63  4:37  Drone  
  63  4:38  Drone  
  66  4:47  Nydus Network  
  66  4:49  Overlord  
  65  4:53  Overlord  
  65  4:55  Zergling x10  
  65  4:57  Overseer  
  65  4:59  Zergling x4  
  72  5:01  Spore Crawler  
  72  5:05  Queen  
  73  5:08  Queen  
  74  5:15  Zergling x2  
  74  5:16  Roach Warren  
  74  5:18  Zergling x6  
  77  5:24  Nydus Canal  
  77  5:32  Zergling x6  
  76  5:35  Queen  
  76  5:39  Zergling x14  
  81  5:47  Zergling x12  
  82  5:56  Overseer  
  82  5:57  Roach x4  
  76  6:03  Roach x2  
  77  6:04  Roach  
  79  6:14  Drone x2  
  79  6:15  Drone x4  
  85  6:22  Glial Reconstitution  
  85  6:26  Drone x3  
  85  6:31  Extractor  
  87  6:33  Extractor  
  87  6:36  Drone x3  
  87  6:37  Evolution Chamber  
  88  6:45  Roach  
  90  6:49  Overlord  
  90  6:53  Overlord  
  90  6:54  Overlord x2  
  90  6:55  Overlord  
  90  6:56  Overlord  
  90  7:00  Overlord  
  86  7:04  Overlord  
  86  7:08  Overlord  
  81  7:11  Overlord  
  81  7:12  Zerg Missile Weapons Level 1  
  81  7:13  Drone x3, Extractor  
  81  7:14  Extractor  
  80  7:15  Drone  
  80  7:17  Drone x4  
  80  7:18  Overseer  
  80  7:19  Ravager  
  80  7:20  Ravager  
  80  7:22  Overseer  
  87  7:25  Drone  
  87  7:27  Drone  
  87  7:29  Roach  
  91  7:32  Burrow  
  91  7:33  Roach  
  93  7:37  Roach  
  93  7:38  Drone  
  93  7:40  Tunneling Claws  
  93  7:41  Evolution Chamber  
  95  7:46  Hatchery, Roach x4  
  95  7:48  Drone  
  103  7:52  Roach x3  
  103  7:54  Drone  
  103  7:56  Drone x3  
  113  8:01  Drone  
  113  8:03  Infestation Pit  
  113  8:09  Zerg Melee Weapons Level 1  
  113  8:19  Roach x5  
  123  8:24  Roach x7  
  123  8:27  Ravager x2  
  139  8:32  Drone  
  139  8:33  Drone x4  
  138  8:38  Drone  
  138  8:39  Overseer  
  136  8:45  Drone x4  
  136  8:46  Overseer  
  136  8:47  Drone  
  141  8:50  Drone x2  
  141  8:51  Drone  
  141  8:52  Drone x2  
  141  8:55  Ravager  
  148  8:56  Ravager  
  143  9:06  Extractor  
  143  9:08  Roach x7, Extractor  
  155  9:12  Roach  
  155  9:15  Overlord, Roach x2  
  155  9:16  Roach  
  159  9:19  Overlord  
  159  9:20  Roach, Pathogen Glands  
  159  9:22  Zerg Missile Weapons Level 2  
  159  9:26  Roach  
  156  9:32  Drone  
  156  9:33  Roach  
  155  9:38  Swarm Host  
  155  9:39  Swarm Host x6  
  176  9:48  Overlord  
  176  9:52  Overseer  
  173  9:56  Overlord  
  173  10:00  Overlord  
  173  10:02  Overlord  
  173  10:09  Ravager x2  
  173  10:10  Ravager x4  
  173  10:12  Spine Crawler  
  173  10:13  Zergling x12  
  184  10:14  Drone x3, Roach  
  184  10:15  Nydus Canal  
  184  10:17  Hatchery  
  184  10:19  Drone x2  
  184  10:25  Drone x3  
  184  10:26  Drone  
  184  10:28  Drone x3  
  185  10:32  Swarm Host x4  
  195  10:50  Zerg Melee Weapons Level 2  
  195  10:53  Hive  
  195  10:54  Baneling Nest  
  194  10:58  Spine Crawler  
  194  11:01  Drone x4  
  190  11:11  Swarm Host x3  
  189  11:14  Nydus Canal  
  198  11:18  Overlord  
  198  11:24  Overlord  
  198  11:31  Nydus Canal  
  197  11:39  Spire  
  196  11:45  Ravager x3  
  199  11:47  Spine Crawler  
  199  11:54  Nydus Canal  
  181  12:16  Viper x3  
  181  12:19  Zergling x26  
  199  12:22  Spore Crawler  
  199  12:23  Spore Crawler  
  199  12:25  Drone  
  199  12:26  Overseer, Spore Crawler x2  
  199  12:27  Drone x2  
  198  12:33  Centrifugal Hooks  
  198  12:38  Zerg Missile Weapons Level 3  
  198  12:39  Adrenal Glands  
  198  12:41  Baneling  
  198  12:42  Drone  
  165  12:52  Roach x9  
  165  12:53  Roach  
  165  12:54  Zergling x22  
  165  12:55  Zergling x12  
  185  13:00  Corruptor  
  185  13:02  Roach x2  
  191  13:06  Roach x3  
  197  13:18  Roach x2  
  197  13:19  Roach x3  
  195  13:21  Roach x2  
  195  13:22  Roach  
  186  13:30  Roach x4  
  184  13:34  Zergling x6  
  184  13:39  Nydus Canal  
  187  13:45  Ravager x3  
  187  13:47  Drone x4  
  194  13:50  Spore Crawler x2, Drone x2  
  194  13:53  Overseer, Ravager x3  
  196  13:57  Greater Spire  
  196  13:58  Drone  
  197  14:07  Nydus Canal  
  197  14:09  Ravager x2  
  198  14:30  Drone x2  
  200  14:32  Spore Crawler, Extractor x2  
  200  14:38  Ravager x3  
  200  14:47  Hatchery  
  200  14:48  Drone x2  
  200  14:52  Zerg Melee Weapons Level 3  
  195  15:11  Zerg Flyer Weapons Level 1  
  195  15:14  Zergling x10  
  195  15:16  Zerg Ground Armor Level 1  
  199  15:32  Zergling x12  
  184  15:40  Zergling x2  
  184  15:41  Zergling x30  
  189  15:44  Baneling x3  
  189  15:45  Ravager x4  
  189  15:46  Ravager x5  
  189  15:47  Zergling x10  
  193  16:00  Zergling x8  
  188  16:04  Zergling x6  
  188  16:09  Overlord  
  165  16:21  Overlord  
  165  16:22  Overlord x3  
  151  16:26  Overlord  
  151  16:35  Overlord x5  
  151  16:38  Baneling x2  
  151  16:40  Drone x3  
  151  16:42  Drone x2  
  151  16:44  Hatchery  
  155  16:47  Infestor x3  
  155  16:50  Baneling  
  155  16:53  Infestor x2  
  159  17:06  Infestor  
  159  17:07  Infestor x2  
  165  17:12  Drone x4  
  165  17:14  Nydus Canal  
  169  17:22  Roach x3  
  175  17:28  Roach x2  
  179  17:32  Nydus Canal  
  179  17:34  Roach  
  179  17:35  Roach  
  179  17:36  Drone  
  184  17:39  Drone x2  
  184  17:45  Zerg Flyer Weapons Level 2  
  184  17:52  Zerg Ground Armor Level 2  
  184  17:55  Extractor  
  184  17:56  Spore Crawler  
  184  17:57  Extractor  
  184  17:58  Roach  
  180  18:15  Spine Crawler  
  180  18:18  Nydus Canal  
  179  18:22  Infestor x7, Zergling x4  
  179  18:23  Infestor  
  181  18:28  Roach x9  
  181  18:32  Zergling x4  
  195  18:41  Zergling x2  
  195  18:42  Zergling x8  
  195  18:44  Baneling x4  
  200  18:50  Neural Parasite  
  199  19:06  Roach x4  
  199  19:15  Baneling x12  
  191  19:33  Zergling x2  
  191  19:34  Zergling x16  
  195  19:51  Mutalisk x7  
  195  19:52  Overlord x2  
  191  20:01  Overlord  
  187  20:11  Mutalisk x6  
  195  20:15  Mutalisk  
  193  20:27  Mutalisk  
  193  20:28  Mutalisk x3  
  192  20:38  Mutalisk x2  
  192  20:41  Roach x3  
  181  20:45  Roach  
  181  20:54  Roach x3  
  181  20:56  Roach  
  189  21:01  Roach  
Show
View Real Time Build Order
Export as new Build Order

SpeCial Terran 

Build Orders: 2 Factory, Hellion Opening, Reaper Expand, Mech 

Get SALT Encoding   

  12  0:00  SCV  
  13  0:12  SCV  
  14  0:17  Supply Depot  
  14  0:24  SCV  
  15  0:38  SCV  
  15  0:40  Barracks  
  16  0:43  Refinery  
  16  0:50  SCV  
  17  1:02  SCV  
  18  1:14  SCV  
  19  1:27  Reaper, Orbital Command  
  20  1:39  Command Center  
  20  1:49  Supply Depot  
  20  1:54  SCV  
  21  1:59  Marine  
  22  2:06  SCV  
  23  2:08  Factory  
  23  2:17  Refinery  
  23  2:18  SCV  
  23  2:20  Barracks Reactor  
  24  2:30  SCV  
  25  2:42  SCV  
  26  2:52  Orbital Command  
  26  2:54  SCV, Factory  
  27  3:03  Hellion x2  
  31  3:06  SCV  
  31  3:07  Marine  
  33  3:13  Supply Depot  
  33  3:18  SCV x2  
  35  3:24  Hellion x2  
  39  3:30  SCV x2  
  39  3:34  Marine  
  41  3:36  Supply Depot  
  41  3:38  Factory Tech Lab  
  42  3:42  SCV  
  42  3:43  SCV  
  42  3:45  Hellion x2  
  48  3:57  Infernal Pre-Igniter, Cyclone  
  48  4:00  Supply Depot, SCV x2  
  53  4:08  Hellion  
  55  4:12  SCV  
  55  4:13  SCV  
  57  4:23  Supply Depot  
  57  4:25  SCV x2  
  57  4:26  Hellion  
  57  4:29  Hellion, Cyclone  
  66  4:37  SCV x2  
  68  4:46  Supply Depot  
  68  4:47  Hellion  
  68  4:49  SCV x2  
  68  4:51  Hellion  
  74  4:59  Command Center  
  74  5:01  SCV x2  
  76  5:08  Cyclone  
  76  5:10  Refinery  
  76  5:11  Refinery  
  76  5:13  Supply Depot, SCV x2, Hellion x2  
  85  5:17  Supply Depot  
  85  5:25  Armory  
  85  5:27  SCV  
  86  5:28  Armory  
  86  5:29  SCV  
  83  5:39  SCV, Hellion x2  
  83  5:40  Cyclone  
  83  5:41  SCV  
  90  5:45  Marine  
  87  5:51  SCV  
  87  5:53  SCV  
  82  6:00  Hellion x2  
  82  6:03  SCV  
  81  6:05  SCV  
  82  6:12  Orbital Command  
  82  6:15  SCV  
  82  6:17  SCV  
  84  6:21  Terran Vehicle Weapons Level 1, Terran Vehicle And Ship Armor Level 1  
  84  6:27  Hellion x2  
  84  6:28  SCV  
  84  6:29  SCV  
  84  6:30  Cyclone  
  93  6:40  SCV, Orbital Command, Factory  
  93  6:41  SCV  
  93  6:42  Supply Depot  
  95  6:48  Mag-Field Accelerator, Barracks Tech Lab, Hellion x2  
  95  6:52  SCV  
  95  6:53  SCV  
  101  7:00  Hellion x2  
  93  7:03  Siege Tank  
  93  7:04  SCV  
  93  7:06  SCV  
  90  7:09  SCV, Hellion x2  
  93  7:16  SCV  
  93  7:18  SCV  
  93  7:21  SCV  
  96  7:28  SCV  
  97  7:30  SCV  
  97  7:31  Widow Mine x2, Supply Depot  
  97  7:33  SCV, Refinery  
  97  7:34  Refinery  
  97  7:35  Siege Tank  
  106  7:40  SCV, Factory  
  106  7:41  Factory  
  106  7:42  SCV, Siege Tank  
  111  7:45  SCV  
  112  7:52  SCV, Hellion x2  
  112  7:54  Supply Depot x2, SCV  
  112  7:58  SCV  
  119  8:02  Supply Depot  
  119  8:04  SCV  
  120  8:06  SCV  
  120  8:10  SCV, Siege Tank  
  125  8:13  Hellion  
  125  8:14  Hellion, Siege Tank  
  125  8:16  Supply Depot, SCV  
  133  8:21  Command Center  
  131  8:28  Factory Tech Lab, Factory Reactor  
  131  8:33  SCV  
  128  8:35  Hellion x2  
  128  8:36  Terran Vehicle Weapons Level 2  
  128  8:37  SCV  
  128  8:40  SCV  
  128  8:41  Supply Depot  
  130  8:42  Engineering Bay, Siege Tank  
  130  8:47  Siege Tank  
  130  8:48  Siege Tank  
  139  8:52  Starport  
  139  8:56  Hellion x2  
  143  9:07  Supply Depot  
  143  9:10  SCV x3  
  143  9:14  Siege Tank  
  143  9:15  Hellion x2  
  153  9:18  Hellion x2  
  153  9:19  Siege Tank  
  153  9:20  Siege Tank  
  153  9:22  SCV x3  
  166  9:24  Supply Depot  
  166  9:27  Supply Depot  
  166  9:28  Supply Depot  
  166  9:36  Hellion x2  
  166  9:38  Missile Turret, Starport Tech Lab  
  170  9:39  Missile Turret, Hellion x2  
  170  9:44  SCV x3  
  176  9:46  Missile Turret  
  176  9:50  Terran Vehicle And Ship Armor Level 2  
  176  9:52  Siege Tank x2  
  181  9:56  SCV  
  180  10:02  Banshee  
  180  10:04  Hyperflight Rotors  
  180  10:05  Starport  
  183  10:08  Refinery  
  183  10:12  Planetary Fortress  
  183  10:14  Refinery  
  183  10:16  SCV x2  
  183  10:19  Cyclone  
  183  10:20  Hellion  
  189  10:25  Sensor Tower  
  189  10:28  Hellion  
  183  10:34  Sensor Tower  
  183  10:37  Cyclone  
  185  10:43  Starport Tech Lab  
  185  10:50  SCV x2  
  185  10:54  Banshee  
  186  10:58  Barracks  
  186  11:02  Terran Vehicle Weapons Level 3  
  180  11:08  Banshee  
  180  11:10  Hellion x3  
  180  11:11  Hellion  
  185  11:16  Command Center  
  185  11:23  Supply Depot  
  181  11:35  Cyclone x3  
  181  11:38  Banshee, Hellion x2  
  193  11:46  Missile Turret  
  191  11:58  Orbital Command  
  195  12:01  Hellion x2  
  195  12:02  Banshee  
  195  12:07  Cyclone x2  
  195  12:08  SCV x2  
  193  12:20  Hellion  
  193  12:21  Hellion, Siege Tank  
  200  12:28  Factory  
  200  12:30  Command Center, Factory  
  200  12:32  Missile Turret, Factory  
  200  12:39  Cloaking Field  
  200  12:40  Supply Depot, Command Center  
  194  12:52  Hellion x2  
  194  12:54  Cyclone  
  194  12:55  Cyclone x2  
  194  12:56  Hellion  
  194  12:59  Smart Servos  
  194  13:04  Hellion  
  190  13:13  Hellion  
  190  13:17  Hellion  
  179  13:20  Banshee x2  
  179  13:25  Hellion  
  179  13:26  Cyclone  
  169  13:27  Factory Tech Lab x2, Factory Reactor, Cyclone  
  169  13:28  Cyclone  
  169  13:31  Hellion  
  159  13:42  SCV  
  159  13:48  Orbital Command  
  160  13:55  Planetary Fortress  
  160  13:58  Siege Tank  
  160  13:59  Hellion x2, Cyclone  
  160  14:00  Hellion, Siege Tank  
  175  14:03  Banshee x2, Missile Turret  
  175  14:08  Hellion, Cyclone  
  186  14:15  Siege Tank  
  183  14:25  SCV x4  
  183  14:30  Siege Tank  
  184  14:32  SCV, Siege Tank x2  
  184  14:33  Refinery  
  184  14:35  Refinery  
  184  14:36  Missile Turret, Hellion  
  184  14:37  SCV, Hellion  
  196  14:43  Siege Tank  
  199  14:51  Terran Vehicle And Ship Armor Level 3  
  196  14:55  Barracks  
  196  14:56  Barracks, Ghost Academy  
  196  15:00  Hellion, Cyclone  
  186  15:10  Thor, Hellion x3  
  186  15:13  Hellion  
  192  15:33  Thor x2  
  192  15:34  Hellion  
  193  15:45  Thor  
  193  15:46  Barracks Tech Lab  
  193  15:47  Barracks Tech Lab  
  199  15:50  Ghost Academy  
  199  15:53  Hellion  
  184  15:58  Hellion  
  184  15:59  Hellion, Siege Tank  
  184  16:02  Raven  
  189  16:05  Orbital Command  
  189  16:06  Hellion  
  189  16:10  Hellion  
  193  16:11  Orbital Command  
  193  16:18  Hellion  
  172  16:19  Siege Tank  
  172  16:24  SCV x3  
  147  16:26  SCV, Ghost x2  
  147  16:31  Hellion, Siege Tank  
  151  16:38  SCV x3  
  151  16:39  SCV  
  155  16:43  Cyclone  
  158  16:50  SCV  
  158  16:52  Siege Tank  
  162  16:58  Ghost x2  
  166  17:06  Hellion x3  
  170  17:15  SCV  
  167  17:16  Orbital Command, Sensor Tower  
  167  17:18  Hellion  
  167  17:21  Siege Tank  
  161  17:24  Siege Tank  
  161  17:28  Hellion  
  161  17:29  Enhanced Shockwaves  
  166  17:33  Siege Tank  
  169  17:39  Hellion  
  169  17:41  SCV x3  
  169  17:42  SCV  
  171  17:45  Siege Tank  
  172  17:53  Siege Tank  
  172  17:54  Siege Tank  
  176  18:01  Siege Tank  
  176  18:04  Orbital Command  
  177  18:05  Siege Tank  
  177  18:08  Hellion  
  177  18:12  Hellion  
  180  18:17  SCV x2, Cyclone  
  169  18:25  Siege Tank  
  169  18:26  Cyclone  
  162  18:31  Ghost  
  162  18:33  Siege Tank  
  170  18:41  Siege Tank  
  170  18:46  Hellion  
  170  18:47  Orbital Command  
  172  18:49  Siege Tank  
  172  18:52  Hellion  
  172  18:55  SCV x3  
  177  19:06  Siege Tank  
  177  19:07  Siege Tank  
  168  19:23  Hellion  
  158  19:25  Siege Tank x2  
  158  19:28  Cyclone  
  164  19:35  Thor x2  
  159  19:45  SCV  
  159  19:46  SCV  
  159  19:50  Cyclone x2  
  158  19:57  Hellion, Cyclone  
  151  20:01  SCV  
  146  20:11  Hellion  
  141  20:15  SCV  
  137  20:32  Cyclone  
  134  20:41  SCV  
  126  20:47  SCV  

Tags
 
Add a new tag
Caveats
  • Supply blocks, unpowered buildings, or Contaminate may cause inaccurate times.
  • Supply counts are checked every 10 seconds.